 Dungeon Crawl Stone Soup version 0.31.0-32-g396128a36d (webtiles) character file.

Game seed: 7073456330901518480

15 spaghetti the Caller (level 2, 0/2 HPs)
             Began as an Oni Summoner on Mar 10, 2024.
             Hit by a stone thrown by a kobold (2 damage)
             ... on level 1 of the Dungeon.
             The game lasted 00:01:16 (561 turns).

spaghetti the Caller (Oni Summoner)                  Turns: 561, Time: 00:01:17

Health: 0/2        AC:  2    Str: 16    XL:     2   Next: 50%
Magic:  1/5        EV:  9    Int: 16    God:
Gold:   8          SH:  0    Dex:  9    Spells: 2/5 levels left

rFire   . . .        (weapon currently unavailable)
rCold   . . .        (shield currently unavailable)
rNeg    . . .        a - melded +0 robe
rPois   +            (helmet currently unavailable)
rElec   .            (cloak currently unavailable)
rCorr   .            (gloves unavailable)
SInv    .            (boots unavailable)
Will    .....        (no amulet)
Stlth   +            (no ring)
HPRegen 0.20/turn    (no ring)
MPRegen 0.09/turn

%: no passive effects
@: snake-form
A: constrict, reduced hp, large, unfitting armour, (horns 1), (tough skin 1),
double potion healing, drunken brawling
a: Begin Untransformation


You were on level 1 of the Dungeon.
You were an enormous serpent.
You visited 1 branch of the dungeon, and saw 1 of its levels.

You collected 8 gold pieces.

Inventory:

Armour
 a - a +0 robe (melded)
Talismans
 c - a serpent talisman (active)
Potions
 b - a potion of magic


   Skills:
 - Level 1.7 Dodging
 - Level 1.4 Stealth
 - Level 2.4 Spellcasting
 + Level 4.2 Summonings


You had 2 spell levels left.
You knew the following spells:

 Your Spells              Type           Power      Damage    Failure   Level
a - Summon Small Mammal   Summ           60%        N/A       3%          1
b - Call Imp              Summ           30%        N/A       5%          2

Your spell library contained the following spells:

 Spells                   Type           Power      Damage    Failure   Level
 Call Canine Familiar     Summ           15%        N/A       11%         3
 Summon Blazeheart Golem  Fire/Summ      8%         N/A       63%         4
 Summon Lightning Spire   Summ/Air       8%         N/A       63%         4


Dungeon Overview and Level Annotations

Branches:
Dungeon (1/15)

Altars:


Innate Abilities, Weirdness & Mutations

You are an enormous serpent.
You have a powerful constriction melee attack.
Your maximum health is decreased, since you lack skill for your form.
Your armour is entirely melded.
You are incapable of wielding weapons or throwing items.
You are too large for most types of armour.
((You have a pair of small horns on your head.))
((You have tough skin. (AC +1)))
You gain doubled healing and magic from potions.
Whenever you drink a healing potion, you attack all around you.


Message History

The kobold misses your bat.
Your cerulean imp barely misses the kobold.
Your bat closely misses the kobold.
The kobold misses your bat.
Your cerulean imp hits the kobold from afar with a -3 spear.
Your bat closely misses the kobold.
The kobold misses your bat.
Your cerulean imp hits the kobold from afar with a -3 spear.
The kobold dies!
Your bat disappears in a puff of smoke!
Your cerulean imp disappears in a puff of smoke!
You see here a +0 short sword.
You see here a +0 short sword.
Found a mace.
A goblin comes into view. It is wielding a +0 club.
A goblin is nearby!
A goblin is nearby!
Casting: Summon Small Mammal (safe; 3% risk of failure)
Confirm with . or Enter, or press ? or * to list all spells.
A tiny devil pulls itself out of the air.
Casting: Call Imp (safe; 5% risk of failure)
Confirm with . or Enter, or press ? or * to list all spells.
Casting: Summon Small Mammal (safe; 3% risk of failure)
Confirm with . or Enter, or press ? or * to list all spells.
The goblin shouts!
The goblin hits your bat with a +0 club.
Your bat dies!
Your bat's corpse disappears in a puff of smoke!
A kobold comes into view. It is wielding a +0 short sword.
Your cerulean imp hits the goblin from afar with a -3 spear.
The goblin dies!
Your bat barely misses the kobold.
Your cerulean imp hits the kobold from afar with a -3 spear.
Your bat barely misses the kobold.
Your cerulean imp hits the kobold but does no damage.
The kobold barely misses your cerulean imp.
Your cerulean imp barely misses the kobold.
Your bat barely misses the kobold.
The kobold throws a stone.
The stone completely misses your cerulean imp.
The stone hits you.
Ouch! That really hurt!
You die...

#.#####.....#.#.# #.##.#
#...........#.#.######.##.#
#########..##.............(
### #.###........#.##..
#.###........#.###.
#............ #............
###............
#......S.....).
#...###......... #...
##........ #... #...$5b..
#... ####..K.. #. ...).
.... ....


You could see a kobold (ally target), a friendly cerulean imp (summoned) and a
friendly bat (summoned).

Vanquished Creatures
  A goblin (D:1)
  A hobgoblin (D:1)
2 creatures vanquished.

Vanquished Creatures (collateral kills)
  2 endoplasms (D:1)
  A giant cockroach (D:1)
  2 goblins (D:1)
  A hobgoblin (D:1)
  A frilled lizard (D:1)
  2 kobolds (D:1)
  2 rats (D:1)
11 creatures vanquished.

Grand Total: 13 creatures vanquished

Notes
Turn   | Place    | Note
-------+----------+-------------------------------------------
     0 | D:1      | spaghetti the Oni Summoner began the quest for the Orb.
     0 | D:1      | Reached XP level 1. HP: 16/16 MP: 3/3
   251 | D:1      | Reached skill level 4 in Summonings
   251 | D:1      | Reached XP level 2. HP: 2/24 MP: 0/5
   254 | D:1      | Learned a level 2 spell: Call Imp
   561 | D:1      | Hit by a stone thrown by a kobold

Illustrated notes

Levels and vault maps discovered:
D:1:      heliophobic_arrival_dark_side_of_the_moon, layout_basic,
          serial_co_window_serial, co_window_corner_a, co_window_paths_b,
          co_window_of_opportunity_a, co_window_paths_a, co_window_paths_b,
          co_window_broadway_a, co_window_unsneaky_path_b, co_window_2corner,
          co_window_unsneaky_path_a, glass_columns_a, glass_columns_a,
          glass_columns_b, glass_columns_a, serial_park_tiny_2

Skill      XL: |  1 |
---------------+----+-----
Summonings     | 4 |  4.2
Dodging        | |  1.7
Stealth        | |  1.4
Spellcasting   | |  2.4

Action                     || total
---------------------------++-------
  Melee: Unarmed           ||     7
         Headbutt          ||     2
   Cast: Summon Small Mamm ||    18
         Call Imp          ||     4
 Armour: Robe              ||     3
         Skin              ||     1
  Dodge: Dodged            ||     4
   Form: Serpent           ||     1
